 Dungeon Crawl Stone Soup version 0.23-a0-666-g28d4f2f0af (webtiles) character file.

32314 D1HalberdGnoll the Thrower (level 13, -8/101 HPs)
             Began as a Gnoll Wanderer on Jan 8, 2019.
             Was a Priest of Ashenzari.
             Splashed by an oklob plant's acid (12 damage)
             ... on level 4 of the Lair of Beasts.
             The game lasted 00:47:10 (23641 turns).

D1HalberdGnoll the Thrower (Gnoll Wanderer)        Turns: 23641, Time: 00:47:10

Health: -8/101     AC:  2    Str: 19    XL:     13   Next: 63%
Magic:  25/25      EV: 16    Int: 16    God:    Ashenzari [***...]
Gold:   1055       SH:  6    Dex: 14    Spells: 17/28 levels left

rFire    . . .     SeeInvis +   a - +5 falchion (freeze)
rCold    . . .     Gourm    .   l - +0 buckler (curse)
rNeg     + . .     Faith    .   B - +2 ring mail {rN+} (curse)
rPois    .         Spirit   .   m - +0 helmet (curse)
rElec    .         Reflect  .   Q - +1 cloak {+Inv}
rCorr    .         Harm     .   w - +0 pair of gloves
MR       .....                  (no boots)
Stlth    ++........             (no amulet)
HPRegen  0.26/turn              C - ring of stealth
MPRegen  0.19/turn              (no ring)

@: corroded, contaminated, glowing, invisible (but backlit and visible)
A: distributed training, fangs 1, strong nose
a: Curse Item, Scrying, Renounce Religion


You were on level 4 of the Lair of Beasts.
You worshipped Ashenzari.
Ashenzari was most pleased with you.
You were hungry.

You visited 3 branches of the dungeon, and saw 16 of its levels.

You collected 1170 gold pieces.
You spent 115 gold pieces at shops.

Inventory:

Hand Weapons
 a - a +5 falchion of freezing (weapon)
 b - a +0 hand crossbow
 c - a +2 blowgun
Missiles
 d - 164 bolts
 e - 2 curare-tipped needles
 s - 28 poisoned needles
 y - 2 throwing nets (quivered)
Armour
 l - a cursed +0 buckler (worn)
 m - a cursed +0 helmet (worn)
 w - a +0 pair of gloves (worn)
 B - a cursed +2 ring mail of positive energy (worn)
 H - a +2 robe of the Archmagi
 Q - a +1 cloak of invisibility (worn)
Jewellery
 f - an uncursed ring of flight
 C - a ring of stealth (left hand)
 D - an uncursed ring of fire
 S - a +4 ring of evasion
Wands
 k - a wand of clouds (2)
 L - a wand of paralysis (17)
 M - a wand of enslavement (16)
 R - a wand of flame (16)
 T - a wand of polymorph (6)
Scrolls
 h - 3 scrolls of remove curse
 n - a scroll of holy word
 o - a scroll of fear
 p - 3 scrolls of noise
 r - 3 scrolls of identify
 u - 11 scrolls of teleportation
 v - 6 scrolls of enchant armour
 x - 4 scrolls of magic mapping
 z - 2 scrolls of fog
 A - a scroll of enchant weapon
 K - a scroll of silence
 U - a scroll of amnesia
Potions
 i - 2 potions of might
 j - 2 potions of resistance
 q - 2 potions of degeneration {unknown}
 E - 5 potions of lignification
 F - 4 potions of magic
 G - a potion of invisibility
 I - 2 potions of brilliance {unknown}
 J - 2 potions of haste {unknown}
 N - 3 potions of heal wounds {unknown}
 O - 2 potions of flight {unknown}
 P - 2 potions of cancellation {unknown}
 W - 2 potions of curing
Comestibles
 g - 19 rations
 V - 4 chunks of flesh


   Skills:
 + Level 9.5 Fighting
 + Level 8.3 Short Blades
 + Level 8.3 Long Blades
 + Level 8.3 Axes
 + Level 8.3 Maces & Flails
 + Level 8.3 Polearms
 + Level 8.3 Staves
 + Level 8.3 Slings
 + Level 8.3 Bows
 + Level 9.5 Crossbows
 + Level 9.5 Throwing
 + Level 8.8 Armour
 + Level 8.3 Dodging
 + Level 8.3 Stealth
 + Level 8.3(10.2) Shields
 + Level 8.3 Unarmed Combat
 + Level 8.3 Spellcasting
 + Level 6.9 Conjurations
 + Level 6.9 Hexes
 + Level 6.9 Charms
 + Level 6.9 Summonings
 + Level 6.9 Necromancy
 + Level 6.9 Translocations
 + Level 6.9 Transmutations
 + Level 6.9 Fire Magic
 + Level 6.9 Ice Magic
 + Level 7.3 Air Magic
 + Level 8.0 Earth Magic
 + Level 6.9 Poison Magic
 + Level 9.1 Invocations
 + Level 8.3 Evocations


You had 17 spell levels left.
You knew the following spells:

 Your Spells              Type           Power        Failure   Level  Hunger
a - Stone Arrow           Conj/Erth      ####..       2%          3    #......
b - Mephitic Cloud        Conj/Pois/Air  ####....     2%          3    #......
c - Dazzling Spray        Conj/Hex       ####..       3%          3    #......
k - Blink                 Tloc           N/A          1%          2    None

Your spell library contained the following spells:

 Spells                   Type           Power        Failure   Level  Hunger
 Magic Dart               Conj           ####         1%          1    None
 Sandblast                Erth           ####..       1%          1    None
 Call Imp                 Summ           ####....     1%          2    None
 Searing Ray              Conj           ####..       1%          2    None
 Slow                     Hex            ####....     1%          2    None
 Conjure Flame            Conj/Fire      ####....     3%          3    #......
 Force Lance              Conj/Tloc      ####....     10%         4    ###....
 Fulminant Prism          Conj/Hex       ####......   10%         4    ###....
 Iskenderun's Mystic Bla  Conj           ####....     10%         4    ###....


Dungeon Overview and Level Annotations

Branches:
Dungeon (11/15)            Temple (1/1) D:6            Lair (4/6) D:11
 Shoals (0/4) Lair:2          Orc (0/2) D:11
  Snake: Lair:2-4    Spider: Lair:2-4

Altars:
Ashenzari
Cheibriados
Dithmenos
Elyvilon
Fedhas
Gozag
Hepliaklqana
Kikubaaqudgha
Makhleb
Nemelex Xobeh
Okawaru
Qazlal
Ru
Sif Muna
Trog
Uskayaw
Vehumet
Wu Jian
Xom
Yredelemnul
Zin
The Shining One

Shops:
D:4 %   D:8 *%   D:10 %*%[

Annotations:
D:5 exclusion: 2 downstairs
D:10 exclusion: downstairs
Lair:2 3 runed doors, Naecuomm's ghost, journeyman TrHu
Lair:4 exclusion: 2 oklob plants


Innate Abilities, Weirdness & Mutations

Your experience applies equally to all skills.
You have very sharp teeth.
Your uncanny sense of smell can sniff out nearby items.


Message History

You hit the oklob plant but do no damage.
The oklob plant is heavily damaged.
You feel better. The oklob plant spits acid at you.
The splash of acid hits you!
* * * LOW HITPOINT WARNING * * *
The acid corrodes you!
You are splashed with acid!
The acid burns!
* * * LOW HITPOINT WARNING * * *
The oklob plant spits acid at the oklob plant.
The splash of acid hits the oklob plant.
The oklob plant completely resists.
Blink to where?
Press: ? - help, Dir - move target cursor You are contaminated with residual magic.
As you read the scroll of blinking, it crumbles to dust.
The oklob plant spits acid at you. The splash of acid hits you!
* * * LOW HITPOINT WARNING * * *
You are splashed with acid!
The acid burns!
You die...

#................ , ,,
, , ..................
, , ..................
, , ,
..............P..#* ,,,
....P......#####.## , *
, .P.........##.....# ,
* .).........#P...%# ,
, ...#.......#....<# ,
, ....#.......#...@##.,
* ,
...#.......#..........#
.P.##......#.....##...#
, .. #.............#*
...# ........#.P..##
,... , , ,
........#.$$=# , .. ,,
#.#.#.###...P# # * , *
###### #§P[.# * #.:.)#
* *


You could see 2 oklob plants.

Vanquished Creatures
  Gastronok (D:11)
  Josephine (D:11)
  Fannar (Lair:2)
  Erolcha (D:9)
  2 hydras
  Harold (D:8)
  A two-headed ogre (D:9)
  3 death yaks
  Pikel (Temple)
  An oklob plant (Lair:4)
  An ugly thing (D:11)
  Joseph (D:9)
  Psyche (D:10)
  A black mamba (Lair:1)
  8 spiny frogs
  A rime drake (Lair:3)
  2 komodo dragons (Lair:1)
  Prince Ribbit (D:6)
  7 blink frogs
  Grinder (D:6)
  5 hippogriffs
  6 dream sheep (Lair:4)
  Sigmund (D:6)
  4 wraiths
  3 wyverns
  37 yaks
  2 basilisks
  Eustachio (D:5)
  2 hungry ghosts (D:11)
  2 soldier ants (D:9)
  A two-headed ogre zombie (D:11)
  An acid dragon (D:8)
  7 water moccasins
  6 porcupines
  2 slaves (D:5)
  A black bear (D:9)
  2 orc warriors
  2 sky beasts
  2 ice beasts
  5 ogres
  4 wolves (Lair:3)
  6 centaurs
  2 crocodiles
  Blork the orc (D:6)
  12 bullfrogs
  4 scorpions
  A troll zombie (D:11)
  6 killer bees (D:7)
  15 wights
  6 howler monkeys
  3 crimson imps
  A jelly (D:9)
  2 bullfrog zombies
  7 hounds
  6 orc priests
  2 centaur skeletons
  11 worker ants
  3 iguanas
  10 orc wizards
  2 killer bee zombies
  6 ogre zombies (D:11)
  2 hound skeletons
  A worker ant zombie (D:6)
  8 gnolls
  9 adders
  3 shadow imps
  2 oozes
  5 worms
  6 leopard geckos
  31 orcs
  7 goblins
  4 hobgoblins
  6 jackals
  A quokka (D:7)
  2 ball pythons
  7 bats
  5 frilled lizards
  A goblin skeleton (D:11)
  A goblin zombie (D:11)
  A hobgoblin skeleton (D:11)
  4 hobgoblin zombies (D:11)
  A jackal skeleton (D:6)
  9 kobolds
  An orc skeleton (D:11)
  17 orc zombies (D:11)
  A quokka skeleton (D:4)
  11 rats
385 creatures vanquished.

Vanquished Creatures (others)
  A centaur (D:11)
  An orc (D:10)
  A fungus (Lair:4)
  3 plants (Lair:4)
6 creatures vanquished.

Grand Total: 391 creatures vanquished

Notes
Turn   | Place    | Note
-------+----------+-------------------------------------------
     0 | D:1      | D1HalberdGnoll the Gnoll Wanderer began the quest for the
                  | Orb.
     0 | D:1      | D1HalberdGnoll set off with the following items: 2
                  | curare-tipped needles, a +2 blowgun, a +0 hand crossbow, 24
                  | bolts, a +0 robe, a ration; and the following spell
                  | memorised: Sandblast; and the following spells available to
                  | memorise: Stone Arrow
     0 | D:1      | Reached XP level 1. HP: 20/20 MP: 1/1
   237 | D:1      | Reached XP level 2. HP: 26/26 MP: 2/2
   803 | D:1      | Reached XP level 3. HP: 20/31 MP: 3/3
  1126 | D:2      | Found an opulent altar of Gozag.
  1201 | D:2      | Reached skill level 1 in Invocations
  1504 | D:2      | You fall through a shaft for 2 floors!
  1509 | D:4      | Reached skill level 1 in Short Blades
  1509 | D:4      | Reached skill level 1 in Long Blades
  1509 | D:4      | Reached skill level 1 in Axes
  1509 | D:4      | Reached skill level 1 in Maces & Flails
  1509 | D:4      | Reached skill level 1 in Polearms
  1509 | D:4      | Reached skill level 1 in Staves
  1509 | D:4      | Reached skill level 1 in Slings
  1509 | D:4      | Reached skill level 1 in Bows
  1509 | D:4      | Reached skill level 1 in Dodging
  1509 | D:4      | Reached skill level 1 in Stealth
  1509 | D:4      | Reached skill level 1 in Shields
  1509 | D:4      | Reached skill level 1 in Unarmed Combat
  1509 | D:4      | Reached skill level 1 in Spellcasting
  1509 | D:4      | Reached skill level 1 in Evocations
  1509 | D:4      | Reached XP level 4. HP: 38/38 MP: 5/5
  1687 | D:3      | Reached skill level 1 in Conjurations
  1687 | D:3      | Reached skill level 1 in Hexes
  1687 | D:3      | Reached skill level 1 in Charms
  1687 | D:3      | Reached skill level 1 in Summonings
  1687 | D:3      | Reached skill level 1 in Necromancy
  1687 | D:3      | Reached skill level 1 in Translocations
  1687 | D:3      | Reached skill level 1 in Transmutations
  1687 | D:3      | Reached skill level 1 in Fire Magic
  1687 | D:3      | Reached skill level 1 in Ice Magic
  1687 | D:3      | Reached skill level 1 in Poison Magic
  1803 | D:3      | Reached XP level 5. HP: 38/43 MP: 6/6
  2892 | D:3      | Reached XP level 6. HP: 50/50 MP: 8/8
  3401 | D:4      | Reached skill level 5 in Fighting
  3401 | D:4      | Reached skill level 5 in Crossbows
  3401 | D:4      | Reached skill level 5 in Throwing
  3661 | D:4      | Found Musi's Food Shop.
  4103 | D:5      | Entered Level 5 of the Dungeon
  4167 | D:5      | Reached XP level 7. HP: 56/56 MP: 10/10
  4370 | D:5      | Found an ancient bone altar of Kikubaaqudgha.
  4587 | D:5      | Noticed Eustachio
  4692 | D:5      | Killed Eustachio
  4792 | D:5      | Reached XP level 8. HP: 63/63 MP: 12/12
  4930 | D:5      | Learned a level 2 spell: Blink
  5350 | D:6      | Noticed Pikel
  5508 | D:6      | Noticed Grinder
  5568 | D:6      | Paralysed by Grinder for 6 turns
  5747 | D:6      | Paralysed by Grinder for 7 turns
  6038 | D:6      | Noticed Blork the orc
  6063 | D:6      | Killed Blork the orc
  6154 | D:6      | Found a staircase to the Ecumenical Temple.
  6163 | Temple   | Entered the Ecumenical Temple
  6331 | Temple   | Killed Pikel
  6331 | Temple   | Reached skill level 5 in Earth Magic
  6331 | Temple   | Reached XP level 9. HP: 53/69 MP: 14/14
  6366 | D:6      | Paralysed by Grinder for 2 turns
  6369 | D:6      | Killed Grinder
  6485 | D:6      | Noticed Prince Ribbit
  6497 | D:6      | Killed Prince Ribbit
  6627 | D:6      | Noticed Sigmund
  6641 | D:6      | Killed Sigmund
  6641 | D:6      | Reached skill level 5 in Armour
  7453 | D:7      | Reached skill level 5 in Invocations
  7983 | D:7      | Reached XP level 10. HP: 75/77 MP: 17/17
  8152 | D:7      | Found a hide-covered altar of Uskayaw.
  8153 | D:7      | Found a shattered altar of Ashenzari.
  8728 | D:7      | Became a worshipper of Ashenzari the Shackled
  8916 | D:7      | Reached skill level 5 in Short Blades
  8916 | D:7      | Reached skill level 5 in Long Blades
  8916 | D:7      | Reached skill level 5 in Axes
  8916 | D:7      | Reached skill level 5 in Maces & Flails
  8916 | D:7      | Reached skill level 5 in Polearms
  8916 | D:7      | Reached skill level 5 in Staves
  8916 | D:7      | Reached skill level 5 in Slings
  8916 | D:7      | Reached skill level 5 in Bows
  8916 | D:7      | Reached skill level 5 in Dodging
  8916 | D:7      | Reached skill level 5 in Stealth
  8916 | D:7      | Reached skill level 5 in Shields
  8916 | D:7      | Reached skill level 5 in Unarmed Combat
  8916 | D:7      | Reached skill level 5 in Spellcasting
  8916 | D:7      | Reached skill level 5 in Evocations
  9129 | D:8      | Learned a level 3 spell: Mephitic Cloud
  9182 | D:8      | Found Zin's Purification Station.
  9184 | D:8      | Noticed Harold
  9197 | D:8      | Found a glowing silver altar of Zin.
  9207 | D:8      | Killed Harold
  9453 | D:8      | Found a snail-covered altar of Cheibriados.
  9504 | D:8      | Reached skill level 5 in Air Magic
 10141 | D:8      | Found Xiexzom's Food Shoppe.
 10410 | D:9      | Noticed a two-headed ogre
 10421 | D:9      | Killed a two-headed ogre
 10424 | D:9      | Reached XP level 11. HP: 62/84 MP: 19/19
 10649 | D:9      | Found a shimmering altar of Xom.
 10781 | D:9      | Noticed Joseph
 10814 | D:9      | Killed Joseph
 11779 | D:10     | Entered Level 10 of the Dungeon
 11779 | D:10     | Found Hioptukya's Food Boutique.
 11779 | D:10     | Noticed Erolcha
 11789 | D:9      | Killed Erolcha
 11789 | D:9      | Reached skill level 5 in Conjurations
 11789 | D:9      | Reached skill level 5 in Hexes
 11789 | D:9      | Reached skill level 5 in Charms
 11789 | D:9      | Reached skill level 5 in Summonings
 11789 | D:9      | Reached skill level 5 in Necromancy
 11789 | D:9      | Reached skill level 5 in Translocations
 11789 | D:9      | Reached skill level 5 in Transmutations
 11789 | D:9      | Reached skill level 5 in Fire Magic
 11789 | D:9      | Reached skill level 5 in Ice Magic
 11789 | D:9      | Reached skill level 5 in Poison Magic
 12082 | D:10     | Reached * piety under Ashenzari
 12117 | D:10     | Noticed Psyche
 12149 | D:10     | Killed Psyche
 12260 | D:10     | Found Viblye Tiowk's Food Boutique.
 12275 | D:10     | Found a shadowy altar of Dithmenos.
 12814 | D:10     | Found Reuph's Armour Shop.
 12822 | D:10     | Bought a +0 cloak of invisibility for 115 gold pieces
 13253 | D:10     | Found Qaf Bei's General Store.
 13358 | D:10     | Found a shadowy altar of Dithmenos.
 13362 | D:10     | Found Viblye Tiowk's Food Boutique.
 13384 | D:10     | Found Qaf Bei's General Store.
 13423 | D:10     | Found Hioptukya's Food Boutique.
 13537 | D:10     | Found Reuph's Armour Shop.
 13673 | D:11     | Noticed a red ugly thing
 13677 | D:11     | Killed a red ugly thing
 13940 | D:11     | Noticed Josephine
 14357 | D:11     | Killed Josephine
 14357 | D:11     | Reached XP level 12. HP: 86/93 MP: 20/22
 14412 | D:11     | Learned a level 3 spell: Dazzling Spray
 14571 | D:11     | Noticed Gastronok
 14607 | D:11     | Noticed a death yak
 14608 | D:11     | Noticed a death yak
 14608 | D:11     | Killed Gastronok
 14608 | D:11     | Noticed a death yak
 14935 | D:11     | Found a staircase to the Orcish Mines.
 14962 | D:11     | Noticed a five-headed hydra
 15047 | D:11     | Found a staircase to the Lair.
 15134 | D:10     | HP: 5/141 [death yak (13)]
 15135 | D:10     | Killed a death yak
 15839 | D:11     | Killed a death yak
 15842 | D:11     | Killed a death yak
 16142 | D:11     | Killed a five-headed hydra
 16583 | D:11     | Learned a level 3 spell: Stone Arrow
 16927 | Lair:1   | Entered Level 1 of the Lair of Beasts
 18332 | Lair:1   | Reached ** piety under Ashenzari
 18729 | Lair:2   | Noticed Fannar
 18747 | Lair:1   | Reached XP level 13. HP: 101/101 MP: 24/24
 19336 | Lair:2   | Killed Fannar
 19532 | Lair:2   | Noticed a minotaur
 19532 | Lair:2   | Noticed Naecuomm's ghost (journeyman TrHu)
 19540 | Lair:2   | Found a runed gate.
 19540 | Lair:2   | Found a runed gate.
 19540 | Lair:2   | Found a runed gate.
 19651 | Lair:2   | Found a staircase to the Shoals.
 20442 | Lair:3   | Got the cursed falchion of Earthquakes {freeze, rElec
                  | Stlth+}
 20446 | Lair:3   | Identified the cursed +0 falchion of Earthquakes {freeze,
                  | rElec Stlth+} (You found it on level 3 of the Lair of
                  | Beasts)
 22692 | Lair:4   | Reached *** piety under Ashenzari
 23588 | Lair:4   | Identified the ring of Odipait {Ice rN+ MR+ Stlth+}
 23641 | Lair:4   | HP: 4/101 [oklob plant/splash of acid (5)]
 23641 | Lair:4   | Splashed by an oklob plant's acid

Vault maps used:
D:1:      evilmike_arrival_run_for_it, minmay_rat_gold_closets
D:2:      nicolae_gozag_cash_rules_everything_around_me, first_ration
D:4:      serial_shops, shop, minmay_distorted
D:5:      overflow_temple_1_default, uniq_eustachio
D:6:      minmay_temple_entry_tees, uniq_blork_the_orc, uniq_prince_ribbit1,
          uniq_sigmund, uniq_pikel, uniq_grinder
D:7:      gammafunk_temple_overflow_pools
D:8:      cheibriados_altar_1, zin_purify, serial_shops, kennysheep_mini_moat,
          uniq_harold
D:9:      basic_altar, hangedman_pestilent_swarm, uniq_joseph
D:10:     serial_shops, shop, shop_statue, shop, kennysheep_little_box,
          grunt_dithmenos_smoke_and_mirrors, uniq_erolcha, uniq_psyche
D:11:     dpeg_lair_monsters, zombieorc2_lemuel, minmay_misc_feat_tower,
          patterned_corridor, uniq_josephine, uniq_gastronok
Temple:   regret_index_temple_sphere_string
Lair:1:   beast_lair_carwin_8
Lair:2:   shoals_dummy_entry, maelrawn_ghost_gauntlet_escape, uniq_fannar
Lair:3:   grunt_megastairs_5
Lair:4:   nicolae_spider_entry_tight_spaces, grunt_megastairs_2,
          minmay_lair_oklob_chamber, infiniplex_staircase_pool_2

Skill      XL: |  1  2  3  4  5  6  7  8  9 10 11 12 13 |
---------------+----------------------------------------+-----
Air Magic      | 2 3 4 5 6 7 |  7.3
Invocations    | 1 2 3 4 5 6 7 8 9 |  9.1
Short Blades   | 1 2 3 4 5 6 7 8 |  8.3
Long Blades    | 1 2 3 4 5 6 7 8 |  8.3
Axes           | 1 2 3 4 5 6 7 8 |  8.3
Maces & Flails | 1 2 3 4 5 6 7 8 |  8.3
Polearms       | 1 2 3 4 5 6 7 8 |  8.3
Staves         | 1 2 3 4 5 6 7 8 |  8.3
Slings         | 1 2 3 4 5 6 7 8 |  8.3
Bows           | 1 2 3 4 5 6 7 8 |  8.3
Dodging        | 1 2 3 4 5 6 7 8 |  8.3
Stealth        | 1 2 3 4 5 6 7 8 |  8.3
Shields        | 1 2 3 4 5 6 7 8 |  8.3
Unarmed Combat | 1 2 3 4 5 6 7 8 |  8.3
Spellcasting   | 1 2 3 4 5 6 7 8 |  8.3
Evocations     | 1 2 3 4 5 6 7 8 |  8.3
Conjurations   | 1 2 3 4 5 6 |  6.9
Hexes          | 1 2 3 4 5 6 |  6.9
Charms         | 1 2 3 4 5 6 |  6.9
Summonings     | 1 2 3 4 5 6 |  6.9
Necromancy     | 1 2 3 4 5 6 |  6.9
Translocations | 1 2 3 4 5 6 |  6.9
Transmutations | 1 2 3 4 5 6 |  6.9
Fire Magic     | 1 2 3 4 5 6 |  6.9
Ice Magic      | 1 2 3 4 5 6 |  6.9
Poison Magic   | 1 2 3 4 5 6 |  6.9
Armour         | 3 4 5 6 7 8 |  8.8
Earth Magic    | 4 5 6 7 8 |  8.0
Fighting       | 5 6 7 8 9 |  9.5
Crossbows      | 5 6 7 8 9 |  9.5
Throwing       | 5 6 7 8 9 |  9.5

Action                   |  1- 3 |  4- 6 |  7- 9 | 10-12 | 13-15 || total
-------------------------+-------+-------+-------+-------+-------++-------
Melee: Whip              |    73 |   105 |   299 |   100 |       ||   577
       Bite              |     7 |    14 |    34 |   155 |    57 ||   267
       Hand axe          |       |       |       |    97 |       ||    97
       Falchion          |       |       |       |   682 |   337 ||  1019
 Fire: Hand crossbow     |    36 |    57 |    64 |    54 |    24 ||   235
       Blowgun           |       |    10 |    15 |     6 |     6 ||    37
Throw: Throwing net      |       |       |       |     1 |       ||     1
 Cast: Mephitic Cloud    |       |       |       |     3 |     2 ||     5
       Dazzling Spray    |       |       |       |    12 |    24 ||    36
       Stone Arrow       |       |       |       |     5 |    24 ||    29
Invok: Curse Item        |       |       |       |     3 |       ||     3
 Abil: Evoke Invisibilit |       |       |       |     2 |     2 ||     4
Evoke: Wand              |       |       |     4 |    12 |     1 ||    17
  Use: Scroll            |       |     8 |     5 |     5 |    11 ||    29
       Potion            |       |       |     1 |     8 |     4 ||    13
 Stab: Sleeping          |       |       |     2 |     4 |     5 ||    11
       Invisible         |       |       |       |    14 |    20 ||    34
       Paralysed         |       |       |       |     6 |     4 ||    10
       Confused          |       |       |       |       |     2 ||     2
  Eat: Chunk             |     2 |     7 |     7 |    17 |    12 ||    45
       Ration            |       |       |     2 |     8 |     1 ||    11
Armor: Robe              |     6 |       |       |       |       ||     6
       Ring mail         |    26 |    28 |   100 |   229 |    67 ||   450
Dodge: Dodged            |    41 |    50 |   161 |   472 |   166 ||   890
Block: Buckler           |     7 |    32 |    53 |   193 |    82 ||   367
       Rpst.: Falchion   |       |       |       |   121 |    50 ||   171

Table legend:
 A = Non-vault XP
 B = Vault XP
 C = Vault XP percentage of total XP
 D = Non-vault monster count
 E = Vault monster count
 F = Vault count percentage of total count
                 A         B        C        D         E       F
            +---------+---------+-------+---------+---------+-------
      Total |   27461 |   18702 |  40.5 |     293 |      91 |  23.7
            +---------+---------+-------+---------+---------+-------
        D:1 |      25 |      12 |  32.4 |      18 |       8 |  30.8
        D:2 |      42 |       0 |   0.0 |      14 |       0 |   0.0
        D:3 |     286 |       0 |   0.0 |      36 |       0 |   0.0
        D:4 |     184 |      36 |  16.4 |      10 |       2 |  16.7
        D:5 |     866 |     191 |  18.1 |      18 |       1 |   5.3
        D:6 |     328 |     875 |  72.7 |       8 |       4 |  33.3
        D:7 |    1895 |       0 |   0.0 |      40 |       0 |   0.0
        D:8 |    1602 |     970 |  37.7 |      19 |       1 |   5.0
        D:9 |    1762 |    1844 |  51.1 |      19 |       6 |  24.0
       D:10 |    3563 |    1935 |  35.2 |      36 |       5 |  12.2
       D:11 |    3616 |    6931 |  65.7 |      19 |      45 |  70.3
     Temple |       0 |     641 | 100.0 |       0 |       1 | 100.0
     Lair:1 |    2309 |    2018 |  46.6 |       8 |       9 |  52.9
     Lair:2 |     869 |    1080 |  55.4 |       4 |       1 |  20.0
     Lair:3 |    3722 |    1195 |  24.3 |      20 |       6 |  23.1
     Lair:4 |    6392 |     974 |  13.2 |      24 |       2 |   7.7
            +---------+---------+-------+---------+---------+-------
